TOP OF THE 1ST |
St. Louis Cardinals batting - Pitching for Houston Astros : RHP Edwin Romero
|
Pitching: RHP Edwin Romero
|
|
Batting: RHB Tadahito Iguchi
|
0-0: Fly out, F2 (Popup, 2LF, EV 95.6 MPH)
|
Batting: LHB Gustavo Hernandez
|
0-0: SOLO HOME RUN (Flyball, 89XD, EV 103.8 MPH), Distance : 406 ft
|
Batting: LHB Sam Penfold
|
0-0: Ball 1-0: DOUBLE (Flyball, 7LD, EV 98.1 MPH)
|
Batting: RHB Carlos Lee
|
0-0: Called Strike 0-1: Swinging Strike 0-2: Ball 1-2: Ball 2-2: Foul Ball, location: 2F 2-2: Fly out, F2 (Popup, 3SF, EV 79.4 MPH)
|
Batting: RHB Cristhian Presichi
|
0-0: Swinging Strike 0-1: Ball 1-1: Ball 2-1: Ball 3-1: Swinging Strike 3-2: Fly out, F4 (Popup, 4D, EV 53.1 MPH)
|
Top of the 1st over - 1 run, 2 hits, 0 errors, 1 left on base; St. Louis 1 - Houston 0 |
BOTTOM OF THE 1ST |
Houston Astros batting - Pitching for St. Louis Cardinals : LHP Adam Pace
|
Pitching: LHP Adam Pace
|
|
Batting: RHB Derek Jeter
|
0-0: Ball 1-0: Ball 2-0: DOUBLE (Flyball, 8LXD, EV 109.4 MPH)
|
Batting: RHB Scott Rolen
|
0-0: Called Strike 0-1: Foul Ball, location: 9LDF 0-2: Strikes out swinging
|
Batting: RHB Danny Ortega
|
0-0: SINGLE (Line Drive, 6D, EV 108.8 MPH) Derek Jeter to third
|
Batting: LHB Will Ford
|
0-0: Ball 1-0: Ball 2-0: Ball 3-0: Called Strike 3-1: Base on Balls Danny Ortega to second
|
Batting: RHB Innocenzio Torres
|
0-0: Called Strike 0-1: Fly out, F8 (Flyball, 8LD, EV 87.5 MPH) Runner from 3rd tags up, SCORES, no throw by CF
|
Batting: LHB Adam Dunn
|
0-0: Called Strike 0-1: Ball 1-1: Foul Ball, location: 23F 1-2: Fly out, F8 (Line Drive, 8RM, EV 91.9 MPH)
|
Bottom of the 1st over - 1 run, 2 hits, 0 errors, 2 left on base; St. Louis 1 - Houston 1 |
TOP OF THE 2ND |
St. Louis Cardinals batting - Pitching for Houston Astros : RHP Edwin Romero
|
Batting: LHB Francisco Mendez
|
0-0: Fly out, F8 (Flyball, 8LM, EV 88.8 MPH)
|
Batting: SHB Johnny Estrada
|
0-0: Called Strike 0-1: SINGLE (Groundball, 4D, EV 93.8 MPH)
|
Batting: RHB Chris Denorfia
|
0-0: Ball 1-0: Called Strike 1-1: Foul Ball, location: 2F 1-2: Strikes out looking
|
Batting: SHB Cesar Izturis
|
0-0: Ball 1-0: Ball 2-0: Fielders Choice at 2nd, 6-4 (Groundball, 6, EV 100.0 MPH)
|
Top of the 2nd over - 0 runs, 1 hit, 0 errors, 1 left on base; St. Louis 1 - Houston 1 |
BOTTOM OF THE 2ND |
Houston Astros batting - Pitching for St. Louis Cardinals : LHP Adam Pace
|
Batting: RHB Corey Hart
|
0-0: Fly out, F4 (Popup, 34, EV 80.6 MPH)
|
Batting: RHB Fortunato Murrone
|
0-0: Ball 1-0: Foul Ball, location: 7LSF 1-1: SINGLE (Line Drive, 4MD, EV 105.0 MPH)
|
Batting: RHB Willie Garcia
|
0-0: Foul Ball, location: 25F 0-1: Ball 1-1: Foul Ball, location: 9LDF 1-2: Foul Ball, location: 2F 1-2: Strikes out looking
|
Batting: RHB Derek Jeter
|
0-0: Fielders Choice at 2nd, U6 (Groundball, 6M, EV 103.8 MPH)
|
Bottom of the 2nd over - 0 runs, 1 hit, 0 errors, 1 left on base; St. Louis 1 - Houston 1 |
TOP OF THE 3RD |
St. Louis Cardinals batting - Pitching for Houston Astros : RHP Edwin Romero
|
Batting: RHB Tadahito Iguchi
|
0-0: Ball 1-0: Ball 2-0: Foul Ball, location: 23F 2-1: Swinging Strike 2-2: Foul Ball, location: 2F 2-2: Strikes out swinging
|
Batting: LHB Gustavo Hernandez
|
0-0: Ball 1-0: Called Strike 1-1: Ball 2-1: Fly out, F6 (Popup, 6D, EV 49.4 MPH)
|
Batting: LHB Sam Penfold
|
0-0: SINGLE (Line Drive, 7S, EV 92.5 MPH)
|
Batting: RHB Carlos Lee
|
0-0: Ball 1-0: Fielders Choice at 2nd, 6-4 (Groundball, 6, EV 85.0 MPH)
|
Top of the 3rd over - 0 runs, 1 hit, 0 errors, 1 left on base; St. Louis 1 - Houston 1 |
BOTTOM OF THE 3RD |
Houston Astros batting - Pitching for St. Louis Cardinals : LHP Adam Pace
|
Batting: RHB Scott Rolen
|
0-0: SOLO HOME RUN (Flyball, 9D, EV 99.4 MPH), Distance : 381 ft
|
Batting: RHB Danny Ortega
|
0-0: Called Strike 0-1: Ball 1-1: Called Strike 1-2: Foul Ball, location: 2F 1-2: Strikes out swinging
|
Batting: LHB Will Ford
|
0-0: Called Strike 0-1: Foul Ball, location: 7LSF 0-2: Ball 1-2: Ball 2-2: Foul Ball, location: 3FF 2-2: Ball 3-2: SINGLE (Groundball, 4MD, EV 105.6 MPH)
|
Batting: RHB Innocenzio Torres
|
0-0: Foul Ball, location: 3FF 0-1: Called Strike 0-2: Ball 1-2: Foul Ball, location: 2F 1-2: Ball 2-2: Ball 3-2: Base on Balls Will Ford to second
|
Batting: LHB Adam Dunn
|
0-0: Called Strike 0-1: Called Strike 0-2: Foul Ball, location: 2F 0-2: Foul Ball, location: 9LSF 0-2: Strikes out swinging
|
Batting: RHB Corey Hart
|
0-0: Called Strike 0-1: Ball 1-1: Swinging Strike 1-2: Strikes out looking
|
Bottom of the 3rd over - 1 run, 2 hits, 0 errors, 2 left on base; St. Louis 1 - Houston 2 |
TOP OF THE 4TH |
St. Louis Cardinals batting - Pitching for Houston Astros : RHP Edwin Romero
|
Batting: RHB Cristhian Presichi
|
0-0: Called Strike 0-1: Ball 1-1: Foul Ball, location: 3FF 1-2: SOLO HOME RUN (Flyball, 89XD, EV 103.1 MPH), Distance : 409 ft
|
Batting: LHB Francisco Mendez
|
0-0: Ball 1-0: Ball 2-0: Foul Ball, location: 7LSF 2-1: Ball 3-1: Foul Ball, location: 2F 3-2: Base on Balls
|
Batting: SHB Johnny Estrada
|
0-0: Ball 1-0: Bunt - Flyout to 23! F3
|
Batting: RHB Chris Denorfia
|
0-0: Swinging Strike 0-1: Ball 1-1: Called Strike 1-2: Ball 2-2: Ball 3-2: Strikes out looking
|
Batting: SHB Cesar Izturis
|
0-0: Ball 1-0: Called Strike 1-1: Ball 2-1: Foul Ball, location: 7LSF 2-2: Fielders Choice at 2nd, 6-4 (Groundball, 6, EV 100.0 MPH)
|
Top of the 4th over - 1 run, 1 hit, 0 errors, 1 left on base; St. Louis 2 - Houston 2 |
BOTTOM OF THE 4TH |
Houston Astros batting - Pitching for St. Louis Cardinals : LHP Adam Pace
|
Batting: RHB Fortunato Murrone
|
0-0: SINGLE (Groundball, 34D, EV 103.1 MPH)
|
Batting: RHB Willie Garcia
|
0-0: Bunted foul 0-1: Bunt - Flyout to 15S! F1
|
Batting: RHB Derek Jeter
|
0-0: Ball Fortunato Murrone is caught stealing 2nd base 2-4 1-0: Foul Ball, location: 7LMF 1-1: Fly out, F9 (Line Drive, 9, EV 90.6 MPH)
|
Bottom of the 4th over - 0 runs, 1 hit, 0 errors, 0 left on base; St. Louis 2 - Houston 2 |
TOP OF THE 5TH |
St. Louis Cardinals batting - Pitching for Houston Astros : RHP Edwin Romero
|
Batting: RHB Tadahito Iguchi
|
0-0: Ball 1-0: Called Strike 1-1: Ball 2-1: Ball 3-1: Called Strike 3-2: Strikes out swinging
|
Batting: LHB Gustavo Hernandez
|
0-0: Swinging Strike 0-1: Foul Ball, location: 2F 0-2: Strikes out looking
|
Batting: LHB Sam Penfold
|
0-0: Called Strike 0-1: Called Strike 0-2: Ball 1-2: Strikes out looking
|
Top of the 5th over - 0 runs, 0 hits, 0 errors, 0 left on base; St. Louis 2 - Houston 2 |
BOTTOM OF THE 5TH |
Houston Astros batting - Pitching for St. Louis Cardinals : LHP Adam Pace
|
Batting: RHB Scott Rolen
|
0-0: Foul Ball, location: 7LMF 0-1: SINGLE (Line Drive, 89M, EV 107.5 MPH)
|
Batting: RHB Danny Ortega
|
0-0: Swinging Strike 0-1: Ball 1-1: Called Strike 1-2: Ball 2-2: Strikes out looking
|
Batting: LHB Will Ford
|
0-0: Ball 1-0: Fly out, F7 (Flyball, 7, EV 93.1 MPH)
|
Batting: RHB Innocenzio Torres
|
0-0: Ball 1-0: Fielders Choice at 2nd, 6-4 (Groundball, 6, EV 95.0 MPH)
|
Bottom of the 5th over - 0 runs, 1 hit, 0 errors, 1 left on base; St. Louis 2 - Houston 2 |
TOP OF THE 6TH |
St. Louis Cardinals batting - Pitching for Houston Astros : RHP Edwin Romero
|
Batting: RHB Carlos Lee
|
0-0: Called Strike 0-1: Ball 1-1: SINGLE (Line Drive, 4D, EV 97.5 MPH)
|
Batting: RHB Cristhian Presichi
|
0-0: Called Strike 0-1: Grounds out, U3 (Groundball, 3L, EV 85.0 MPH)
|
Batting: LHB Francisco Mendez
|
0-0: Ball 1-0: Ball 2-0: Called Strike 2-1: Fly out, F7 (Flyball, 78M, EV 86.9 MPH)
|
Batting: SHB Johnny Estrada
|
0-0: Ball 1-0: Fly out, F3 (Line Drive, 34, EV 73.1 MPH)
|
Top of the 6th over - 0 runs, 1 hit, 0 errors, 1 left on base; St. Louis 2 - Houston 2 |
BOTTOM OF THE 6TH |
Houston Astros batting - Pitching for St. Louis Cardinals : LHP Adam Pace
|
Batting: LHB Adam Dunn
|
0-0: SINGLE (Flyball, 78S, EV 86.3 MPH)
|
Batting: RHB Corey Hart
|
0-0: Ball 1-0: Ball 2-0: Foul Ball, location: 2F 2-1: Swinging Strike 2-2: Ball 3-2: Strikes out swinging
|
Batting: RHB Fortunato Murrone
|
0-0: Grounds into double play, 1-4-3 (Groundball, 15, EV 67.5 MPH)
|
Bottom of the 6th over - 0 runs, 1 hit, 0 errors, 0 left on base; St. Louis 2 - Houston 2 |
TOP OF THE 7TH |
St. Louis Cardinals batting - Pitching for Houston Astros : RHP Edwin Romero
|
Batting: RHB Chris Denorfia
|
0-0: Foul Ball, location: 2F 0-1: Swinging Strike 0-2: Foul Ball, location: 5FF 0-2: Foul Ball, location: 3F 0-2: Hit by Pitch
|
Batting: SHB Cesar Izturis
|
0-0: Sac Bunt to 25 - play at first, batter OUT! 5-3 Chris Denorfia to second
|
Batting: RHB Tadahito Iguchi
|
0-0: Ball 1-0: Called Strike Chris Denorfia steals 3rd base (no throw) 1-1: Ball 2-1: Foul Ball, location: 2F 2-2: Ball 3-2: Fly out, F8 (Flyball, 78D, EV 96.9 MPH) Runner from 3rd tags up, SCORES, no throw by CF
|
Batting: LHB Gustavo Hernandez
|
0-0: Swinging Strike 0-1: Swinging Strike 0-2: Strikes out swinging
|
Top of the 7th over - 1 run, 0 hits, 0 errors, 0 left on base; St. Louis 3 - Houston 2 |
BOTTOM OF THE 7TH |
Houston Astros batting - Pitching for St. Louis Cardinals : LHP Adam Pace
|
Batting: RHB Willie Garcia
|
0-0: Swinging Strike 0-1: Ball 1-1: Ground out 6-3 (Groundball, 6S, EV 86.9 MPH)
|
Batting: RHB Derek Jeter
|
0-0: Ball 1-0: Fly out, F3 (Popup, 3F, EV 80.6 MPH)
|
Batting: RHB Scott Rolen
|
0-0: Called Strike 0-1: Ground out U3 (Groundball, 34, EV 108.1 MPH)
|
Bottom of the 7th over - 0 runs, 0 hits, 0 errors, 0 left on base; St. Louis 3 - Houston 2 |
TOP OF THE 8TH |
St. Louis Cardinals batting - Pitching for Houston Astros : RHP Edwin Romero
|
Pitching: LHP Alejandro Bracho
|
|
Batting: LHB Sam Penfold
|
0-0: Swinging Strike 0-1: Ball 1-1: SINGLE (Line Drive, 8RS, EV 93.8 MPH)
|
Batting: RHB Carlos Lee
|
0-0: Ball Wild Pitch! Sam Penfold to second 1-0: SINGLE (Line Drive, 6MD, EV 95.6 MPH) Sam Penfold to third
|
Batting: RHB Cristhian Presichi
|
0-0: Foul Ball, location: 3FF 0-1: Ball 1-1: Called Strike 1-2: Ball 2-2: SINGLE (Line Drive, 4MD, EV 96.9 MPH) Sam Penfold scores Carlos Lee to second
|
Batting: LHB Francisco Mendez
|
0-0: Foul Ball, location: 3F 0-1: Swinging Strike 0-2: Foul Ball, location: 7LDF 0-2: Strikes out swinging
|
Batting: SHB Johnny Estrada
|
0-0: Called Strike 0-1: Ball 1-1: Bunt - Flyout to 15S! F1
|
Batting: RHB Chris Denorfia
|
0-0: Ground out 6-3 (Groundball, 6S, EV 71.9 MPH)
|
Top of the 8th over - 1 run, 3 hits, 0 errors, 2 left on base; St. Louis 4 - Houston 2 |
BOTTOM OF THE 8TH |
Houston Astros batting - Pitching for St. Louis Cardinals : LHP Adam Pace
|
Batting: RHB Danny Ortega
|
0-0: Ground out 6-3 (Groundball, 6MS, EV 85.6 MPH)
|
Batting: LHB Will Ford
|
0-0: Foul Ball, location: 5F 0-1: Foul Ball, location: 5F 0-2: Foul Ball, location: 25F 0-2: Ball 1-2: Ball 2-2: Foul Ball, location: 2F 2-2: Fly out, F9 (Line Drive, 9, EV 96.9 MPH)
|
Batting: RHB Innocenzio Torres
|
0-0: Swinging Strike 0-1: Called Strike 0-2: Ground out 6-3 (Groundball, 6, EV 87.5 MPH)
|
Bottom of the 8th over - 0 runs, 0 hits, 0 errors, 0 left on base; St. Louis 4 - Houston 2 |
TOP OF THE 9TH |
St. Louis Cardinals batting - Pitching for Houston Astros : LHP Alejandro Bracho
|
Pitching: RHP Matt Skrmetta
|
|
Batting: SHB Cesar Izturis
|
0-0: Fly out, F7 (Line Drive, 7, EV 91.3 MPH)
|
Batting: RHB Tadahito Iguchi
|
0-0: Ball 1-0: Called Strike 1-1: Foul Ball, location: 23F 1-2: Foul Ball, location: 2F 1-2: Foul Ball, location: 9LMF 1-2: Ball 2-2: Strikes out swinging
|
Batting: LHB Gustavo Hernandez
|
0-0: Ball 1-0: Foul Ball, location: 25F 1-1: Foul Ball, location: 5DF 1-2: Ball 2-2: Foul Ball, location: 9LSF 2-2: Foul Ball, location: 2F 2-2: Ball 3-2: Base on Balls
|
Batting: LHB Sam Penfold
|
0-0: 2-RUN HOME RUN (Flyball, 9LD, EV 95.6 MPH), Distance : 354 ft
|
Batting: RHB Carlos Lee
|
0-0: Ball 1-0: Called Strike 1-1: SINGLE (Groundball, 6MD, EV 101.9 MPH)
|
Batting: RHB Cristhian Presichi
|
0-0: SINGLE (Groundball, 34D, EV 97.5 MPH) Carlos Lee to second Carlos Lee to third
|
Batting: LHB Francisco Mendez
|
0-0: Swinging Strike 0-1: Ball 1-1: Swinging Strike 1-2: Strikes out swinging
|
Top of the 9th over - 2 runs, 3 hits, 0 errors, 2 left on base; St. Louis 6 - Houston 2 |
BOTTOM OF THE 9TH |
Houston Astros batting - Pitching for St. Louis Cardinals : LHP Adam Pace
|
Pitching: RHP Jobannis Henriquez
|
|
Batting: LHB Adam Dunn
|
0-0: Foul Ball, location: 5F 0-1: Ball 1-1: SINGLE (Groundball, 6D, EV 95.6 MPH)
|
Batting: RHB Corey Hart
|
0-0: Ball 1-0: Ball 2-0: Ball 3-0: Called Strike 3-1: DOUBLE (Line Drive, 78D, EV 104.4 MPH) Adam Dunn to third
|
Batting: RHB Fortunato Murrone
|
0-0: Foul Ball, location: 3SF 0-1: Ground out 5-3 (Groundball, 56S, EV 91.3 MPH) Adam Dunn scores
|
Pinch Hitting: LHB Joey Gathright
|
0-0: SINGLE (Line Drive, 9S, EV 99.4 MPH) Corey Hart to third
|
Batting: RHB Derek Jeter
|
0-0: Foul Ball, location: 2LF 0-1: Ball 1-1: Foul Ball, location: 23F 1-2: Grounds into double play, 4-6-3 (Groundball, 4, EV 79.4 MPH)
|
Bottom of the 9th over - 1 run, 3 hits, 0 errors, 1 left on base; St. Louis 6 - Houston 3 |
|